 Dungeon Crawl Stone Soup version 0.18-a0-1685-g4482fe3 (webtiles) character file.

82 4thArraOfDagon the Chopper (level 4, -2/41 HPs)
             Began as a Hill Orc Berserker on Apr 4, 2016.
             Was a Follower of Trog.
             Hit by a stone thrown by a hobgoblin (3 damage)
             ... on level 3 of the Dungeon.
             The game lasted 00:01:35 (484 turns).

4thArraOfDagon the Chopper (Hill Orc Berserker)      Turns: 484, Time: 00:01:36

Health: -2/41      AC:  3    Str: 20    XL:     4   Next: 43%
Magic:  4/4        EV: 12    Int:  7    God:    Trog [*.....]
Gold:   26         SH:  0    Dex: 10    Spells: 0 memorised, 3 levels left

rFire  . . .     SeeInvis .     a - +0 hand axe
rCold  . . .     Gourm    .     b - +0 animal skin
rNeg   . . .     Faith    .     (no shield)
rPois  .         Spirit   .     (no helmet)
rElec  .         Dismiss  .     (no cloak)
rCorr  .         Reflect  .     g - +0 pair of gloves
SustAt .         Harm     .     (no boots)
MR     .....                    (no amulet)
Stlth  +.........               (no ring)
                                (no ring)

@: exhausted, slowed, very slow, not resistant to hostile enchantments, very
unstealthy
A: no striking features
a: Berserk, Burn Spellbooks, Renounce Religion


You were on level 3 of the Dungeon.
You worshipped Trog.
Trog was aware of your devotion.
You were not hungry.

You visited 1 branch of the dungeon, and saw 3 of its levels.

You collected 26 gold pieces.

Inventory:

Hand Weapons
 a - a +0 hand axe (weapon)
Armour
 b - a +0 animal skin (worn)
 g - a +0 pair of gloves (worn)
Scrolls
 d - 2 scrolls of remove curse {unknown}
 e - a scroll of enchant armour {unknown}
Potions
 h - a potion of lignification {unknown}
 j - a potion of degeneration {unknown}
Comestibles
 c - 2 bread rations
 f - a chunk of flesh
 i - a royal jelly


   Skills:
 + Level 4.3 Fighting
 * Level 5.5 Axes
 + Level 3.1 Armour
 - Level 1.5 Dodging


You had 3 spell levels left.
You didn't know any spells.

Dungeon Overview and Level Annotations

Branches:
Dungeon (3/15)

Altars:


Message History

Unknown command.
Unknown command.
You hit the hobgoblin but do no damage.
The hobgoblin is severely wounded.
You hit the kobold but do no damage. You hit the goblin.
You kill the goblin!
Trog accepts your kill. The hobgoblin hits you. The kobold hits you.
* * * LOW HITPOINT WARNING * * *
The gnoll throws a stone.
The stone hits you.
* * * LOW HITPOINT WARNING * * *
The hobgoblin hits you.
* * * LOW HITPOINT WARNING * * *
The kobold closely misses you.
The gnoll throws a stone.
The stone misses you.
Unknown command.
Unknown command.
Unknown command.
Unknown command.
The hobgoblin throws a stone.
The stone hits you.
You die...

............###...l....#
.......##..............#
.........###.....(..(..#
.............(.......(.#
........................
........(......?.......
......oKgg.#...........
...#(((g.#...........
#@###'###......... #(#
.≈##.....#.## #.#
g≈g#.......# #.#
oo####...## ### g≈. #.##
## .≈## #. .≈. #. #


You could see a gnoll, an orc, 2 hobgoblins and a kobold.

Vanquished Creatures
  A worker ant (D:3)
  An adder (D:3)
  3 gnolls (D:3)
  An ooze (D:1)
  A giant gecko (D:1)
  2 goblins
  2 hobgoblins
  A quokka (D:3)
  2 bats (D:1)
  2 giant newts
  2 kobolds
18 creatures vanquished.

Notes
Turn   | Place    | Note
--------------------------------------------------------------
     0 | D:1      | 4thArraOfDagon the Hill Orc Berserker began the quest for the Orb.
     0 | D:1      | Reached XP level 1. HP: 19/19 MP: 1/1
   144 | D:1      | Reached XP level 2. HP: 17/27 MP: 2/2
   353 | D:3      | Reached XP level 3. HP: 33/33 MP: 3/3
   361 | D:3      | Reached skill level 5 in Axes
   453 | D:3      | Reached XP level 4. HP: 41/41 MP: 4/4
   483 | D:3      | HP: 1/41 [hobgoblin (4)]
   484 | D:3      | Hit by a stone thrown by a hobgoblin

Vault maps used:
D:1:      dpeg_arrival_more_subterranean_lakeside_camping, minmay_door_square
D:2:      old_standard_altar, minivault_27, kennysheep_generic_room_10
D:3:      minmay_goblin_kobold_castle, overflow_temple_1_default,
          nicolae_overflow_hidden_temple, first_bread, okawaru_altar_gauntlet_db

Skill      XL: |  1  2  3 |
---------------+----------+-----
Fighting       | 4 |  4.3
Axes           | 5 |  5.5
Armour         | 3 |  3.1
Dodging        | |  1.5

Action                   |  1- 3 |  4- 6 || total
-------------------------+-------+-------++-------
Melee: Hand axe          |    37 |     6 ||    43
Invok: Berserk           |     2 |       ||     2
  Eat: Chunk             |       |     1 ||     1
